 Dungeon Crawl Stone Soup version 0.24.0-123-gd5b16e6ec5 (webtiles) character file.

Game seed: 443096613429816898, levelgen mode: deterministic

2270 Bergy the Basher (level 9, -14/51 HPs)
             Began as a Gargoyle Fighter on Jan 4, 2020.
             Was a Believer of Cheibriados.
             Demolished by an orc warrior
             ... wielding a +0 dire flail
              (24 damage)
             ... on level 6 of the Dungeon.
             The game lasted 00:13:23 (6641 turns).

Bergy the Basher (Gargoyle Fighter)                 Turns: 6641, Time: 00:13:23

Health: -14/51     AC: 13    Str: 27    XL:     9   Next: 38%
Magic:  9/9        EV:  7    Int: 13    God:    Cheibriados [**....]
Gold:   301        SH:  0    Dex: 13    Spells: 8/8 levels left

rFire    . . .     SeeInvis .   a - +0 flail
rCold    . . .     Gourm    .   c - +0 shield
rNeg     + . .     Faith    .   b - +0 scale mail
rPois    ∞         Spirit   .   (no helmet)
rElec    +         Reflect  .   (no cloak)
rCorr    .         Harm     .   (no gloves)
MR       .....                  (no boots)
Stlth    ..........             (no amulet)
HPRegen  0.17/turn              (no ring)
MPRegen  0.11/turn              (no ring)

@: confused, very slow
A: negative energy resistance 1, electricity resistance, unbreathing,
petrification resistance, rot immunity, AC +6
a: Bend Time, Renounce Religion


You were on level 6 of the Dungeon.
You worshipped Cheibriados.
Cheibriados was pleased with you.
You were not hungry.

You visited 2 branches of the dungeon, and saw 7 of its levels.

You collected 301 gold pieces.

Inventory:

Hand Weapons
 a - a +0 flail (weapon)
 d - a +1 whip of venom
Armour
 b - a +0 scale mail (worn)
 c - a +0 shield (worn)
Jewellery
 l - a cursed amulet of inaccuracy {unknown}
 u - an uncursed ring of stealth {unknown}
Wands
 n - a wand of clouds (4)
 z - a wand of flame (18)
Scrolls
 e - 2 scrolls of fog
 h - 10 scrolls of teleportation
 j - 2 scrolls of enchant armour {unknown}
 p - 3 scrolls of magic mapping
 q - a scroll of immolation {unknown}
 r - a scroll of fear {unknown}
 s - 3 scrolls of blinking
 w - 4 scrolls of enchant weapon {unknown}
 y - a scroll of random uselessness {unknown}
Potions
 g - a potion of haste {unknown}
 i - 4 potions of flight
 k - 3 potions of magic {unknown}
 m - 2 potions of ambrosia
 t - a potion of lignification {unknown}
 v - 2 potions of resistance {unknown}
 x - a potion of berserk rage {unknown}
 A - 2 potions of mutation {unknown}
Comestibles
 f - 12 rations


   Skills:
 - Level 3.2 Fighting
 * Level 12.1 Maces & Flails
 - Level 3.2 Armour
 - Level 3.2 Shields


You had 8 spell levels left.
You didn't know any spells.
Your spell library was empty.

Dungeon Overview and Level Annotations

Branches:
Dungeon (6/15)             Temple (1/1) D:5

Altars:
Ashenzari
Cheibriados
Elyvilon
Fedhas
Gozag
Hepliaklqana
Kikubaaqudgha
Makhleb
Nemelex Xobeh
Okawaru
Qazlal
Ru
Sif Muna
Trog
Uskayaw
Vehumet
Wu Jian
Zin
The Shining One


Innate Abilities, Weirdness & Mutations

You are resistant to torment.
Your stone body is resilient. (AC +6)
You are immune to poison.
You resist negative energy. (rN+)
You are resistant to electric shocks. (rElec)
You can survive without breathing.
You are immune to petrification.
You are immune to rotting.


Message History

You closely miss the orc warrior.
The orc warrior is lightly wounded.
The orc warrior hits you with a +0 dire flail!
* * * LOW HITPOINT WARNING * * *
You closely miss the orc warrior.
The orc warrior is lightly wounded.
The orc warrior misses you.
You feel better. The orc warrior barely misses you.
You are confused.
You feel invigorated.
You hit the orc warrior but do no damage.
The orc warrior is lightly wounded.
The orc warrior hits you with a +0 dire flail!
* * * LOW HITPOINT WARNING * * *
You're too confused to move!
The orc warrior hits you with a +0 dire flail!
* * * LOW HITPOINT WARNING * * *
You bump into the rock wall.
The orc warrior hits you with a +0 dire flail!!
You die...

.......#..# #.#<#.#....)....# #
.......##.####.#)#.#......#######
...............#.#.#...........##
......####.#####.# #.....#####.#.
.................. #.....# #.##
.......###.#####.###.....# ###
.......# #.## #.# #.....#
.......# #..# #.# #######
......#####.## #@# ......##.....#
#o# ## ......##.....###o######...
########......##o...o.....
............#.##.......o..
..........................
..........................
.....†)........)..........
.......(..................


You could see an orc warrior and 2 orcs.

Vanquished Creatures
  An ice beast (D:6)
  2 orc warriors (D:6)
  3 sky beasts
  3 ogres
  2 centaurs
  Blork the orc (D:6)
  A bullfrog (D:6)
  3 scorpions
  A howler monkey (D:5)
  A water moccasin skeleton (D:6)
  A bullfrog zombie (D:5)
  2 crimson imps
  A centaur zombie (D:6)
  4 hounds
  4 orc priests
  5 orc wizards
  Jessica (D:2)
  2 iguanas
  6 worker ants
  A worker ant zombie (D:5)
  10 adders
  2 oozes
  An adder zombie (D:6)
  2 adder skeletons
  A worm (D:5)
  3 dart slugs
  5 leopard geckos
  20 orcs
  A ball python (D:3)
  4 giant cockroaches
  7 goblins
  7 hobgoblins
  5 jackals
  6 kobolds
  5 quokkas
  8 bats
  6 frilled lizards
  A leopard gecko zombie (D:5)
  10 rats
149 creatures vanquished.

Notes
Turn   | Place    | Note
-------+----------+-------------------------------------------
     0 | D:1      | Bergy the Gargoyle Fighter began the quest for the Orb.
     0 | D:1      | Reached XP level 1. HP: 14/14 MP: 1/1
    77 | D:1      | Reached XP level 2. HP: 18/19 MP: 2/2
   452 | D:1      | Reached skill level 3 in Maces & Flails
   916 | D:2      | Reached XP level 3. HP: 23/23 MP: 3/3
  1036 | D:2      | Noticed Jessica
  1056 | D:2      | Killed Jessica
  1056 | D:2      | Reached skill level 4 in Maces & Flails
  1056 | D:2      | Reached XP level 4. HP: 7/28 MP: 4/4
  1951 | D:3      | Reached skill level 5 in Maces & Flails
  1995 | D:3      | Reached XP level 5. HP: 32/32 MP: 5/5
  2255 | D:3      | Found a blossoming altar of Fedhas.
  2502 | D:4      | Reached skill level 6 in Maces & Flails
  2502 | D:4      | Reached XP level 6. HP: 16/37 MP: 6/6
  2750 | D:4      | Found a hazy altar of Hepliaklqana.
  2868 | D:4      | Found a white marble altar of Elyvilon.
  2968 | D:4      | Found a sacrificial altar of Ru.
  3327 | D:5      | Entered Level 5 of the Dungeon
  3363 | D:5      | Noticed a sky beast
  3392 | D:5      | Killed a sky beast
  3392 | D:5      | Reached skill level 7 in Maces & Flails
  3392 | D:5      | Reached XP level 7. HP: 22/41 MP: 7/7
  3691 | D:5      | Reached skill level 8 in Maces & Flails
  4075 | D:5      | Noticed a +0 dagger
  4076 | D:5      | Noticed a +0 dagger
  4081 | D:5      | Found a hide-covered altar of Uskayaw.
  4180 | D:5      | Reached skill level 9 in Maces & Flails
  4180 | D:5      | Reached XP level 8. HP: 9/46 MP: 8/8
  4564 | D:5      | Found a staircase to the Ecumenical Temple.
  4721 | Temple   | Entered the Ecumenical Temple
  4812 | Temple   | Became a worshipper of Cheibriados the Contemplative
  5339 | D:6      | Reached skill level 10 in Maces & Flails
  5671 | D:6      | Reached * piety under Cheibriados
  5862 | D:6      | Reached skill level 11 in Maces & Flails
  6077 | D:6      | Reached XP level 9. HP: 48/51 MP: 9/9
  6295 | D:6      | Reached ** piety under Cheibriados
  6510 | D:6      | Noticed Blork the orc
  6530 | D:6      | Killed Blork the orc
  6530 | D:6      | Reached skill level 12 in Maces & Flails
  6641 | D:6      | Demolished by an orc warrior

Levels and vault maps discovered:
D:1:      eino_arrival_water_cross, layout_loops_ring, serial_forest,
          infiniplex_forest_clump_cross, infiniplex_forest_end_3,
          infiniplex_forest_lined_ring, infiniplex_forest_corner_1,
          infiniplex_forest_pool, infiniplex_forest_zigzag_1,
          infiniplex_forest_end_3, serial_park_tiny_pond,
          chequers_hall_statues_corner_a, moated_statue, minmay_tetromino_t2
D:2:      layout_loops_ring, uniq_jessica
D:3:      layout_basic, fedhas_altar_fruit_tree,
          hangedman_abyss_or_decor_lesser_grid, minmay_pentomino_pile
D:4:      minmay_wonky_spiral, layout_cave_pools, grunt_temple_overflow_open,
          serial_bayou_pond_a
D:5:      minmay_spotlight, layout_loops_ring, dancing_weapons_uskayaw,
          temple_hall, first_ration, serial_glass, glass_columns_c,
          glass_columns_a, minmay_misc_feat_secret_circle
D:6:      minmay_chambers_of_threes, layout_basic, kennysheep_mini,
          due_unseen_surprise, uniq_blork_the_orc
Temple:   jpeg_temple_clearing

Skill      XL: |  1  2  3  4  5  6  7  8  9 |
---------------+----------------------------+-----
Maces & Flails | 3 4 5 6 7 9 11 12 | 12.1
Fighting       | |  3.2
Armour         | |  3.2
Shields        | |  3.2

Action                   |  1- 3 |  4- 6 |  7- 9 || total
-------------------------+-------+-------+-------++-------
Melee: Flail             |   100 |   274 |   414 ||   788
  Use: Scroll            |       |     8 |     1 ||     9
       Potion            |       |     1 |     4 ||     5
  Eat: Chunk             |     1 |     7 |     3 ||    11
       Ration            |       |       |     2 ||     2
Armor: Scale mail        |    78 |   192 |   190 ||   460
Dodge: Dodged            |    31 |    96 |   104 ||   231
Block: Shield            |    54 |   142 |   156 ||   352
